 Dungeon Crawl Stone Soup version 0.30-a0-618-gd6c86c23d0 (webtiles) character file.

Game seed: 8004624424189989231

1897 tilp the Ducker (level 9, 17/74 HPs)
             Began as a Meteoran Fighter on Jan 10, 2023.
             Was a Follower of Okawaru.
             Quit the game on level 12 of the Dungeon.
             The game lasted 00:12:22 (2673 turns).

tilp the Ducker (Meteoran Fighter)                  Turns: 2673, Time: 00:12:23

Health: 17/74      AC: 16    Str: 17    XL:     9   Next: 64%
Magic:  14/14      EV:  9    Int: 11    God:    Okawaru [*.....]
Gold:   366        SH:  5    Dex: 18    Spells: 8/8 levels left

rFire   . . .      SeeInvis .    b - +4 falchion "Henali" {venom, +Blink rC+}
rCold   + . .      Faith    .    c - +0 buckler
rNeg    . . .      Spirit   .    z - +0 chain mail
rPois   .          Reflect  .    (no helmet)
rElec   .          Harm     .    u - +0 cloak
rCorr   .          Rampage  .    s - +2 pair of gloves
Will    +....                    e - +1 pair of boots Stlth
                                 (no amulet)
HPRegen 0.32/turn                (no ring)
MPRegen 0.14/turn                (no ring)

@: glowing
A: sense surroundings 2, otherworldly, glowing, explore regen
a: Renounce Religion, Evoke Blink, Heroism


You were on level 12 of the Dungeon.
You worshipped Okawaru.
Okawaru was aware of your devotion.
You visited 2 branches of the dungeon, and saw 12 of its levels.

You collected 366 gold pieces.

Inventory:

Hand Weapons
 a - a +1 long sword
 b - the +4 falchion "Henali" (weapon) {venom, +Blink rC+}
   (You found it on level 6 of the Dungeon)

   rC:        It protects you from cold.
   +Blink:    It lets you blink.
 d - a +0 dagger of flaming
 y - a +0 rapier
Missiles
 f - 2 boomerangs
 l - 29 poisoned darts (quivered)
 A - a curare-tipped dart
Armour
 c - a +0 buckler (worn)
 e - a +1 pair of boots (worn)
 s - a +2 pair of gloves (worn)
 u - a +0 cloak (worn)
 z - a +0 chain mail (worn)
Wands
 B - a wand of mindburst (6)
Scrolls
 h - a scroll of blinking
 m - 2 scrolls of vulnerability
 n - a scroll of silence {unknown}
 q - 4 scrolls of enchant weapon
 C - a scroll of identify
Potions
 g - a potion of mutation {unknown}
 j - 2 potions of heal wounds {unknown}
 k - a potion of degeneration {unknown}
 o - 3 potions of ambrosia
 p - a potion of might
 r - a potion of brilliance {unknown}
 t - 2 potions of haste {unknown}
 v - 4 potions of attraction
 w - 2 potions of lignification
 x - a potion of curing {unknown}


   Skills:
 + Level 5.6 Fighting
 + Level 5.8 Long Blades
 - Level 4.0 Throwing
 + Level 5.8 Armour
 + Level 6.0 Dodging
 + Level 3.5 Stealth
 - Level 4.0 Shields
 * Level 5.6 Invocations


You had 8 spell levels left.
You didn't know any spells.
Your spell library was empty.

Dungeon Overview and Level Annotations

Branches:
Dungeon (10/15) Zot: 3925  Temple (1/1) D:5 Zot: 508
   Lair: D:8-11         Orc: D:9-12

Altars:
Dithmenos
Elyvilon
Kikubaaqudgha
Nemelex Xobeh
Okawaru
Vehumet
Wu Jian
Xom
Zin
The Shining One

Annotations:
D:10 3 runed translucent doors, SlaveLabor's ghost, journeyman DrTm


Innate Abilities, Weirdness & Mutations

You passively map the area around you.
You are easily found by Zot.
You glow in the dark.
You regain HP and MP as you explore.


Message History

The troll closely misses you.
You barely miss the centaur.
The centaur is lightly wounded.
The centaur closely misses you.
The centaur kicks you but does no damage.
The troll bites you. The troll completely misses you. The troll claws you.
The centaur hits you but does no damage.
The centaur kicks you but does no damage.
You slash the centaur!
The centaur looks as sick as possible!
The centaur is severely wounded.
The centaur hits you.
The centaur kicks you but does no damage.
You block the troll's attack. x2; The troll barely misses you.
You block the cyclops's attack.
You hit the centaur.
The centaur looks as sick as possible!
The centaur is almost dead.
You kill the centaur!
Okawaru accepts your kill.
The centaur unwields a +0 shortbow.
You block the centaur's attack.
The centaur kicks you but does no damage.
The troll bites you!
* * * LOW HITPOINT WARNING * * *
The troll claws you but does no damage. x2
Training target 4.0 for Throwing reached!
Your Throwing skill increases to level 4!
Your Dodging skill increases to level 6!
You slash the centaur!
The centaur is moderately wounded.
You block the centaur's attack. The centaur closely misses you.
You block the cyclops's attack. The troll bites you.
* * * LOW HITPOINT WARNING * * *
The troll claws you!
* * * LOW HITPOINT WARNING * * *
The troll barely misses you. The centaur hits you.
* * * LOW HITPOINT WARNING * * *
The centaur kicks you but does no damage.
Unknown command.
Unknown command.
Unknown command.
Are you sure you want to abandon this character and quit the game? (Confirm with "yes".)

, * +
*#..#...#..#...... *
, ** ,,
.##.........#.####.
,...#.C...#....# ## *
+ *#.........# , , ,
, #..#c.l#..#, , ,
#....#....# , * * ,
#.........# , , *
###.#########.#####$
, ,,
......9C@Tl..........
, *
...######cC..........
, , * ##...........
,* , ** ,,
###........#
###....### ....# ,
...## * #.## *


You could see 2 cyclopes, a komodo dragon, a troll, a gargoyle and a centaur.

Vanquished Creatures
  Menkaure (D:7)
  A water moccasin (D:7)
  2 black bears
  Duvessa (D:5)
  2 ice beasts (D:6)
  2 ogres (D:4)
  A centaur (D:12)
  4 kobold brigands
  A necrophage (D:7)
  4 scorpions
  Dowan (D:5)
  A howler monkey (D:4)
  A gnoll bouda (D:9)
  2 hounds
  An iguana (D:5)
  7 adders
  3 gnolls (D:9)
  2 shadow imps (D:6)
  A white imp (D:5)
  An ufetubus (D:4)
  A worm (D:4)
  4 orcs (D:6)
  6 ball pythons
  6 bats
  3 endoplasms
  2 giant cockroaches
  2 goblins
  7 hobgoblins
  3 jackals (D:1)
  21 kobolds
  5 quokkas (D:4)
  2 frilled lizards
  3 rats (D:2)
104 creatures vanquished.

Notes
Turn   | Place    | Note
-------+----------+-------------------------------------------
     0 | D:1      | tilp the Meteoran Fighter began the quest for the Orb.
     0 | D:1      | Reached XP level 1. HP: 19/19 MP: 2/2
   122 | D:1      | Reached XP level 2. HP: 26/26 MP: 3/3
   166 | D:2      | Reached skill level 1 in Dodging
   441 | D:1      | Reached XP level 3. HP: 31/31 MP: 4/4
   674 | D:2      | Reached skill level 2 in Dodging
   708 | D:2      | Found a shadowy altar of Dithmenos.
   815 | D:2      | Reached XP level 4. HP: 29/38 MP: 5/5
   970 | D:4      | Reached XP level 5. HP: 46/46 MP: 6/6
  1004 | D:4      | Reached skill level 1 in Stealth
  1031 | D:4      | Reached skill level 3 in Dodging
  1044 | D:5      | Entered Level 5 of the Dungeon
  1049 | D:4      | Noticed an ogre
  1056 | D:4      | Killed an ogre
  1057 | D:4      | Reached XP level 6. HP: 42/52 MP: 7/7
  1180 | D:5      | Reached skill level 4 in Dodging
  1200 | D:5      | Noticed a black bear
  1201 | D:5      | Noticed Dowan
  1279 | D:4      | Noticed an ogre
  1291 | D:4      | Killed an ogre
  1292 | D:4      | Reached skill level 1 in Throwing
  1292 | D:4      | Reached XP level 7. HP: 7/59 MP: 8/8
  1400 | D:5      | Noticed Duvessa
  1483 | D:5      | Found a staircase to the Ecumenical Temple.
  1491 | Temple   | Entered the Ecumenical Temple
  1556 | Temple   | Became a worshipper of Warmaster Okawaru
  1664 | D:5      | Reached skill level 1 in Invocations
  1664 | D:5      | Reached XP level 8. HP: 62/67 MP: 9/9
  1857 | D:6      | Reached skill level 5 in Armour
  1857 | D:6      | Reached skill level 5 in Dodging
  1879 | D:6      | Reached skill level 5 in Long Blades
  2031 | D:6      | Reached skill level 5 in Fighting
  2045 | D:6      | Reached * piety under Okawaru
  2106 | D:5      | Killed Duvessa
  2107 | D:5      | Gained mutation: You passively map the area around you.
                  | [Meteoran growth]
  2107 | D:5      | Reached XP level 9. HP: 48/74 MP: 12/12
  2112 | D:5      | Killed Dowan
  2310 | D:6      | Identified the +4 falchion "Henali" {venom, +Blink rC+}
  2330 | D:7      | Noticed Menkaure
  2342 | D:7      | Killed Menkaure
  2422 | D:7      | Reached skill level 5 in Invocations
  2555 | D:10     | Entered Level 10 of the Dungeon
  2555 | D:10     | Found an ornate altar of the Wu Jian Council.
  2576 | D:10     | Found a runed translucent gate.
  2576 | D:10     | Found a runed translucent gate.
  2576 | D:10     | Found a runed translucent gate.
  2577 | D:10     | Noticed a freezing wraith
  2579 | D:10     | Noticed a freezing wraith
  2579 | D:10     | Noticed a freezing wraith
  2582 | D:10     | Noticed SlaveLabor's ghost (journeyman DrTm)
  2587 | D:10     | Found a sparkling altar of Nemelex Xobeh.
  2629 | D:10     | You fall into a shaft and drop 2 floors!
  2631 | D:12     | Noticed a cyclops
  2632 | D:12     | Noticed a centaur warrior
  2632 | D:12     | Noticed a manticore
  2632 | D:12     | Noticed a boulder beetle
  2632 | D:12     | Noticed a boulder beetle
  2634 | D:12     | Noticed a boulder beetle
  2640 | D:12     | Noticed a two-headed ogre
  2654 | D:12     | Noticed a troll
  2654 | D:12     | Noticed a cyclops
  2654 | D:12     | Noticed a komodo dragon
  2663 | D:12     | Noticed a cyclops
  2665 | D:12     | Noticed a gargoyle
  2672 | D:12     | Reached skill level 6 in Dodging
  2673 | D:12     | Quit the game

Illustrated notes

Levels and vault maps discovered:
D:1:      dpeg_arrival_boxorama, layout_basic
D:2:      layout_loops_ring, basic_altar, minivault_24
D:3:      layout_basic, serial_co_window_serial, co_window_of_opportunity_a,
          co_window_paths_a, co_window_corner_a, co_window_of_opportunity_a,
          co_window_corner_a, co_window_cross_2, co_window_of_opportunity_b,
          co_window_broadway_a, co_window_paths_e, co_window_sun,
          glass_columns_a
D:4:      layout_rooms, minmay_quadrilaterals
D:5:      layout_rooms, minmay_temple_entry_junction, uniq_duvessa
D:6:      layout_loops_corners, dreamdust_wishing_well
D:7:      lemuel_castle_with_subvaults [lemuel_castle_interior_carwin_2],
          layout_rooms, mainiacjoe_overflow_brackets, minmay_crystal_water,
          moated_statue, uniq_menkaure
D:8:      layout_basic, serial_shops, shop_fountains
D:9:      layout_roguey, dpeg_oklobed_lair, orc_0_dummy, uniq_maurice
D:10:     layout_rooms, mainiacjoe_overflow_alcove_4,
          mainiacjoe_overflow_large_starburst, lemuel_crystal_altar,
          nemelex_xobeh_ov_fountains_minmay, enter_bailey_2,
          gammafunk_ghost_spectres, uniq_nergalle, uniq_joseph
D:12:     minmay_the_grid_3x3 [minmay_the_grid_holed_spiral,
          minmay_the_grid_tree, minmay_the_grid_pillar_ring,
          minmay_the_grid_gridbox, minmay_the_grid_stretched_grid,
          minmay_the_grid_medium_cups, minmay_the_grid_expand,
          minmay_the_grid_plusring, minmay_the_grid_prize_four_corners],
          layout_cave_pools
Temple:   kb_temple_of_zot

Skill      XL: |  1  2  3  4  5  6  7  8  9 |
---------------+----------------------------+-----
Dodging        | 1 2 3 4 5 6 |  6.0
Long Blades    | 3 4 5 |  5.8
Armour         | 4 5 |  5.8
Shields        | 4 |  4.0
Stealth        | 1 2 3 |  3.5
Fighting       | 4 5 |  5.6
Throwing       | 1 2 3 4 |  4.0
Invocations    | 1 3 5 |  5.6

Action                   |  1- 3 |  4- 6 |  7- 9 || total
-------------------------+-------+-------+-------++-------
Melee: Long sword        |    87 |    90 |   200 ||   377
       Falchion          |       |       |    54 ||    54
Throw: Boomerang         |       |     5 |       ||     5
Invok: Heroism           |       |       |     1 ||     1
  Use: Potion            |       |     1 |       ||     1
       Scroll            |       |       |    15 ||    15
Armor: Scale mail        |    53 |    45 |   130 ||   228
       Chain mail        |       |       |    22 ||    22
Dodge: Dodged            |    40 |    43 |   125 ||   208
Block: Buckler           |    34 |    22 |    79 ||   135

Table legend: (Time is in decaauts)
 A = Elapsed time spent in this place.
 B = Non-inter-level travel time spent in this place.
 C = Inter-level travel time spent in this place.
 D = Time resting spent in this place.
 E = Time spent auto-exploring this place.
 F = Levels seen in this place.
 G = Mean time per level.
                   A        B        C        D        E       F      G
               +--------+--------+--------+--------+--------+-----+--------+
         Total |   2766 |   2335 |    431 |     18 |      0 |  12 |  230.5 |
       Dungeon |   2674 |   2269 |    405 |      0 |      0 |  11 |  243.1 |
        Temple |     91 |     65 |     26 |     18 |      0 |   1 |   91.0 |
               +--------+--------+--------+--------+--------+-----+--------+

Top non-repeatable levels by time:
     D:6: 587 daAuts
     D:1: 534 daAuts
     D:4: 499 daAuts
     D:2: 229 daAuts
     D:5: 224 daAuts
     D:7: 205 daAuts
     D:3: 203 daAuts
  Temple: 91 daAuts
    D:10: 74 daAuts
     D:9: 69 daAuts
    D:12: 44 daAuts
     D:8: 2 daAuts
